 Dungeon Crawl Stone Soup version 0.27-a0-965-gbf8bb431c4 (webtiles) character file.

Game seed: 9953198529697503501

184 spiderkeys the Distorting Demonspawn (level 5, 0/61 HPs)
             Began as a Demonspawn Abyssal Knight on Apr 12, 2021.
             Was a Believer of Lugonu.
             Succumbed to a kobold's poison
             ... in a sewer.
             The game lasted 00:03:41 (3148 turns).

spiderkeys the Distorting Demonspawn (DsAK)         Turns: 3148, Time: 00:03:41

Health: 0/61       AC:  6    Str: 13    XL:     5   Next: 36%
Magic:  7/7        EV: 15    Int: 14    God:    Lugonu [**....]
Gold:   114        SH:  0    Dex: 12    Spells: 4/4 levels left

rFire    . . .     SeeInvis .   k - +0 trident
rCold    . . .     Faith    .   (no shield)
rNeg     . . .     Spirit   .   b - +0 leather armour
rPois    .         Reflect  .   m - +0 helmet
rElec    .         Harm     .   (no cloak)
rCorr    .         Rampage  .   (no gloves)
Will     .....                  (no boots)
Stlth    ..........             (no amulet)
HPRegen  0.20/turn              g - +4 ring of evasion
MPRegen  0.20/turn              (no ring)

@: berserking, lethally poisoned (0 -> -5), very quick
A: thin metallic scales 1, magic regeneration
a: Renounce Religion, Depart the Abyss, Bend Space


You were in a sewer.
You worshipped Lugonu.
Lugonu was pleased with you.
You visited 1 branch of the dungeon, and saw 3 of its levels.
You visited the Abyss 1 time.
You also visited: Sewer.

You collected 185 gold pieces.
You spent 71 gold pieces at shops.

Inventory:

Hand Weapons
 a - a +1 spear
 k - a +0 trident (weapon)
Armour
 b - a +0 leather armour (worn)
 m - a +0 helmet (worn)
Jewellery
 g - a +4 ring of evasion (left hand)
Wands
 n - a wand of acid (6)
Scrolls
 f - 2 scrolls of magic mapping
 h - a scroll of teleportation
 i - 3 scrolls of identify {unknown}
 j - 2 scrolls of enchant weapon {unknown}
Potions
 c - a potion of curing {unknown}
 d - 3 potions of berserk rage
 e - a potion of attraction {unknown}
 l - a potion of cancellation {unknown}


   Skills:
 + Level 3.6 Fighting
 * Level 3.3 Polearms
 + Level 2.5 Armour
 + Level 2.0 Dodging
 + Level 3.6 Invocations


You had 4 spell levels left.
You didn't know any spells.
Your spell library contained the following spells:

 Spells                   Type           Power      Damage    Failure   Level
 Animate Skeleton         Necr           0%         N/A       36%         1
 Apportation              Tloc           0%         N/A       36%         1
 Corona                   Hex            0%         N/A       36%         1
 Summon Small Mammal      Summ           0%         N/A       36%         1


Dungeon Overview and Level Annotations

Branches:
Dungeon (3/15)              Sewer (1/1)

Altars:

Shops:
D:1 *

Annotations:
D:3 3 runed translucent doors, Dazliare's ghost, amateur DEAr; Zeld's ghost, amateur HOFi; mhtbhm's ghost, amateur GrBe


Innate Abilities, Weirdness & Mutations

You are partially covered in thin metallic scales. (AC +2)
You regenerate magic rapidly.


Message History

Unknown command.
You puncture the kobold!
You kill the kobold!
Lugonu accepts your kill.
You feel very sick. The kobold hits you with a +0 dagger.
* * * LOW HITPOINT WARNING * * *
The kobold brigand hits you with a +0 club.
* * * LOW HITPOINT WARNING * * *
You puncture the kobold brigand!
The kobold brigand is severely wounded.
* * * LOW HITPOINT WARNING * * *
You feel sick. The kobold hits you but does no damage.
You barely miss the kobold brigand.
The kobold brigand is severely wounded.
* * * LOW HITPOINT WARNING * * *
You feel sick.
The kobold brigand hits you with a +0 club.
* * * LOW HITPOINT WARNING * * *
You barely miss the kobold brigand.
The kobold brigand is severely wounded.
* * * LOW HITPOINT WARNING * * *
You feel sick. The kobold closely misses you.
The kobold brigand hits you with a +0 club.
* * * LOW HITPOINT WARNING * * *
You puncture the kobold brigand!
The kobold brigand is almost dead.
* * * LOW HITPOINT WARNING * * *
You feel sick. The kobold hits you but does no damage.
You hit the kobold brigand.
You kill the kobold brigand!
Lugonu accepts your kill.
* * * LOW HITPOINT WARNING * * *
You feel sick. The kobold hits you but does no damage.
Your Dodging skill increases to level 2!
You have reached level 5!
You puncture the kobold!
You kill the kobold!
Lugonu accepts your kill.
You die...

≈≈≈ ≈≈≈ ###
### #!.#.?#
..... ≈≈
##...## ≈≈≈
#.....#
≈≈≈≈#.))).#
≈≈≈≈###@##
≈≈≈≈≈≈...##
≈≈≈≈≈≈≈...#
≈≈≈≈≈≈....#
≈≈≈≈≈≈....##
≈≈≈≈≈≈.....#
≈≈≈≈≈≈≈....#
≈≈≈≈≈≈.....#
≈≈≈≈≈.....##


There were no monsters in sight!

Vanquished Creatures
  A kobold brigand (Sewer)
  Robin (D:2)
  2 adders (D:3)
  2 dart slugs
  An orc (D:3)
  7 ball pythons
  3 bats
  8 endoplasms
  4 giant cockroaches
  9 goblins
  10 hobgoblins
  10 jackals
  3 quokkas
  A frilled lizard (D:1)
  5 kobolds
  5 rats
72 creatures vanquished.

Vanquished Creatures (others)
  4 withered plants (D:3)
4 creatures vanquished.

Grand Total: 76 creatures vanquished

Notes
Turn   | Place    | Note
-------+----------+-------------------------------------------
     0 | Abyss:1  | spiderkeys the Demonspawn Abyssal Knight began the quest
                  | for the Orb.
     0 | Abyss:1  | Reached XP level 1. HP: 18/18 MP: 2/2
    56 | Abyss:1  | Noticed a smoke demon
    62 | Abyss:1  | Noticed a wretched star
    64 | D:1      | Escaped the Abyss
    96 | D:1      | Found a faded altar of an unknown god.
   149 | D:1      | Reached skill level 1 in Dodging
   338 | D:1      | Reached * piety under Lugonu
   339 | D:1      | Gained mutation: You regenerate magic rapidly. [demonic
                  | ancestry]
   339 | D:1      | Reached XP level 2. HP: 24/24 MP: 3/3
   798 | D:1      | Gained mutation: You are partially covered in thin metallic
                  | scales. (AC +2) [demonic ancestry]
   798 | D:1      | Reached XP level 3. HP: 23/28 MP: 5/5
  1357 | D:1      | Found Naprinau's General Store.
  1366 | D:1      | Bought a scroll of magic mapping for 38 gold pieces
  1366 | D:1      | Bought a scroll of teleportation for 33 gold pieces
  1698 | D:2      | Reached ** piety under Lugonu
  2150 | D:2      | Noticed Robin
  2174 | D:2      | Killed Robin
  2175 | D:2      | Reached XP level 4. HP: 27/35 MP: 6/6
  2759 | D:3      | Found a runed translucent gate.
  2759 | D:3      | Found a runed translucent gate.
  2759 | D:3      | Noticed Zeld's ghost (amateur HOFi)
  2759 | D:3      | Noticed Dazliare's ghost (amateur DEAr)
  2760 | D:3      | Found a runed translucent gate.
  2760 | D:3      | Noticed mhtbhm's ghost (amateur GrBe)
  2909 | D:3      | Found a glowing drain.
  2968 | Sewer    | Entered a sewer
  3130 | Sewer    | Noticed a kobold brigand
  3147 | Sewer    | Killed a kobold brigand
  3147 | Sewer    | HP: 2/52 [poisoned by a kobold]
  3148 | Sewer    | Reached XP level 5. HP: 2/41 MP: 7/7
  3148 | Sewer    | Succumbed to a kobold's poison

Illustrated notes

Levels and vault maps discovered:
D:1:      wander_arrival_chamber, layout_basic,
          hellmonk_ecumenical_altar_blasted, serial_shops, shop,
          corexii_leaking_fountain
D:2:      layout_loops_cross, uniq_robin
D:3:      kennysheep_the_goblin_king, layout_basic, gup_sewer_entry_glass,
          gammafunk_ghost_cemetery, hangedman_decor_clover_reticule
Sewer:    sewer_minmay_treatment

Skill      XL: |  1  2  3  4 |
---------------+-------------+-----
Dodging        | 1 2 |  2.0
Polearms       | 2 3 |  3.3
Armour         | 2 |  2.5
Invocations    | 3 |  3.6
Fighting       | |  3.6

Action                   |  1- 3 |  4- 6 || total
-------------------------+-------+-------++-------
Melee: Spear             |   139 |       ||   139
       Trident           |    10 |    97 ||   107
Invok: Depart the Abyss  |     1 |       ||     1
  Use: Potion            |       |     1 ||     1
Armor: Leather armour    |    42 |    47 ||    89
Dodge: Dodged            |    96 |   100 ||   196

Table legend: (Time is in decaauts)
 A = Elapsed time spent in this place.
 B = Non-inter-level travel time spent in this place.
 C = Inter-level travel time spent in this place.
 D = Time resting spent in this place.
 E = Time spent auto-exploring this place.
 F = Levels seen in this place.
 G = Mean time per level.
                   A        B        C        D        E       F      G
               +--------+--------+--------+--------+--------+-----+--------+
         Total |   3160 |   3085 |     75 |    379 |   2155 |   5 |  632.0 |
       Dungeon |   2915 |   2840 |     75 |    281 |   2094 |   3 |  971.7 |
         Abyss |     64 |     64 |      0 |      0 |      7 |   1 |   64.0 |
         Sewer |    180 |    180 |      0 |     98 |     54 |   1 |  180.0 |
               +--------+--------+--------+--------+--------+-----+--------+

Top non-repeatable levels by time:
     D:1: 1376 daAuts
     D:2: 1270 daAuts
     D:3: 269 daAuts
   Sewer: 180 daAuts
 Abyss:1: 64 daAuts
